TOP OF THE 1ST |
Athletic Club KC U-24 batting - Pitching for Idaho Falls Chukars : RHP Poom Saksansin
|
Pitching: RHP Poom Saksansin
|
|
Batting: LHB César Valtez
|
0-0: Ground out U3 (Groundball, 3S, EV 88.8 MPH)
|
Batting: RHB Luis Santana
|
0-0: Ball 1-0: Ball 2-0: Called Strike 2-1: Ground out 6-3 (Groundball, 6, EV 79.4 MPH)
|
Batting: RHB Marcos Quintana
|
0-0: Ball 1-0: Ball 2-0: Ball 3-0: Called Strike 3-1: Foul Ball, location: 2F 3-2: Foul Ball, location: 2F 3-2: Foul Ball, location: 2F 3-2: SOLO HOME RUN (Flyball, 89XD, EV 110.6 MPH), Distance : 426 ft
|
Batting: LHB Claudio Ramírez
|
0-0: Ball 1-0: Ball 2-0: Ball 3-0: Base on Balls
|
Batting: RHB Jorgen Jorgenson
|
0-0: Ball 1-0: Ball 2-0: Swinging Strike 2-1: Foul Ball, location: 2F 2-2: Ball 3-2: Ground out 6-3 (Groundball, 6M, EV 87.5 MPH)
|
Top of the 1st over - 1 run, 1 hit, 0 errors, 1 left on base; Athletic Club KC 1 - Idaho Falls 0 |
BOTTOM OF THE 1ST |
Idaho Falls Chukars batting - Pitching for Athletic Club KC U-24 : LHP Ian Airy
|
Pitching: LHP Ian Airy
|
|
Batting: LHB Josh Wiggins
|
0-0: Called Strike 0-1: Ball 1-1: Ball 2-1: Ball 3-1: Foul Ball, location: 2F 3-2: Foul Ball, location: 2F 3-2: Base on Balls
|
Batting: SHB Koryusai Ohayashi
|
0-0: Called Strike 0-1: Swinging Strike 0-2: Strikes out looking
|
Batting: RHB César Vélez
|
0-0: Ball 1-0: Foul Ball, location: 2F 1-1: Ball 2-1: Foul Ball, location: 2F 2-2: Strikes out looking
|
Batting: LHB Antoine Studdard
|
0-0: Called Strike 0-1: Ball 1-1: Ball 2-1: Fly out, F7 (Flyball, 78M, EV 91.2 MPH)
|
Bottom of the 1st over - 0 runs, 0 hits, 0 errors, 1 left on base; Athletic Club KC 1 - Idaho Falls 0 |
TOP OF THE 2ND |
Athletic Club KC U-24 batting - Pitching for Idaho Falls Chukars : RHP Poom Saksansin
|
Batting: RHB Shou-xin Quian
|
0-0: Called Strike 0-1: SINGLE (Groundball, 6MD, EV 101.2 MPH)
|
Batting: RHB Guillermo Alessandrini
|
0-0: Grounds into double play, 6-4-3 (Groundball, 6, EV 88.8 MPH)
|
Batting: RHB Makalani Kaiya
|
0-0: Ball 1-0: Fly out, F8 (Flyball, 8LS, EV 88.8 MPH)
|
Top of the 2nd over - 0 runs, 1 hit, 0 errors, 0 left on base; Athletic Club KC 1 - Idaho Falls 0 |
BOTTOM OF THE 2ND |
Idaho Falls Chukars batting - Pitching for Athletic Club KC U-24 : LHP Ian Airy
|
Batting: RHB Kel Warren
|
0-0: Called Strike 0-1: Ball 1-1: Ball 2-1: Foul Ball, location: 2F 2-2: Foul Ball, location: 2F 2-2: Fly out, F8 (Flyball, 8RM, EV 75.0 MPH)
|
Batting: RHB Jon Walker
|
0-0: Called Strike 0-1: Swinging Strike 0-2: Ball 1-2: Strikes out swinging
|
Batting: LHB Doyle Berkey
|
0-0: Swinging Strike 0-1: Ball 1-1: Swinging Strike 1-2: Ball 2-2: Ball 3-2: Base on Balls
|
Batting: RHB Javier Botín
|
0-0: Ball 1-0: Called Strike 1-1: Fielders Choice at 2nd, 5-4 (Groundball, 56, EV 99.4 MPH)
|
Bottom of the 2nd over - 0 runs, 0 hits, 0 errors, 1 left on base; Athletic Club KC 1 - Idaho Falls 0 |
TOP OF THE 3RD |
Athletic Club KC U-24 batting - Pitching for Idaho Falls Chukars : RHP Poom Saksansin
|
Batting: RHB Kane Calvert
|
0-0: Ground out 5-3 (Groundball, 5L, EV 108.8 MPH)
|
Batting: LHB César Valtez
|
0-0: Swinging Strike 0-1: Swinging Strike 0-2: Foul Ball, location: 2F 0-2: Ball 1-2: Strikes out looking
|
Batting: RHB Luis Santana
|
0-0: Ball 1-0: Ground out 5-3 (Groundball, 5S, EV 87.5 MPH)
|
Top of the 3rd over - 0 runs, 0 hits, 0 errors, 0 left on base; Athletic Club KC 1 - Idaho Falls 0 |
BOTTOM OF THE 3RD |
Idaho Falls Chukars batting - Pitching for Athletic Club KC U-24 : LHP Ian Airy
|
Batting: RHB Emerson Horton
|
0-0: Ball 1-0: Foul Ball, location: 2F 1-1: Foul Ball, location: 2F 1-2: Foul Ball, location: 2F 1-2: Ball 2-2: DOUBLE (Line Drive, 89D, EV 105.6 MPH)
|
Batting: LHB Josh Wiggins
|
0-0: Fly out, F9 (Line Drive, 9, EV 96.9 MPH)
|
Batting: SHB Koryusai Ohayashi
|
0-0: Ball 1-0: Called Strike 1-1: Called Strike 1-2: Foul Ball, location: 2F 1-2: DOUBLE (Flyball, 89XD, EV 96.2 MPH) Emerson Horton scores
|
Batting: RHB César Vélez
|
0-0: Ball 1-0: Ball 2-0: Fly out, F9 (Flyball, 9S, EV 88.1 MPH)
|
Batting: LHB Antoine Studdard
|
0-0: Ball 1-0: Reached on error, E5 (Groundball, 56, EV 102.5 MPH) Koryusai Ohayashi to third
|
Batting: RHB Kel Warren
|
0-0: Called Strike 0-1: Foul Ball, location: 2F 0-2: Foul Ball, location: 2F 0-2: Ball 1-2: Foul Ball, location: 2F 1-2: Fly out, F9 (Line Drive, 9, EV 95.6 MPH)
|
Bottom of the 3rd over - 1 run, 2 hits, 1 error, 2 left on base; Athletic Club KC 1 - Idaho Falls 1 |
TOP OF THE 4TH |
Athletic Club KC U-24 batting - Pitching for Idaho Falls Chukars : RHP Poom Saksansin
|
Batting: RHB Marcos Quintana
|
0-0: Ball 1-0: Called Strike 1-1: Ground out 1-3 (Groundball, P, EV 89.4 MPH)
|
Batting: LHB Claudio Ramírez
|
0-0: Swinging Strike 0-1: Ball 1-1: Ball 2-1: Ball 3-1: Called Strike 3-2: Foul Ball, location: 2F 3-2: Foul Ball, location: 2F 3-2: Base on Balls
|
Batting: RHB Jorgen Jorgenson
|
0-0: Ball 1-0: Ball 2-0: DOUBLE (Line Drive, 9LM, EV 101.2 MPH) Claudio Ramírez to third Runner from 3rd tries for Home, SAFE, no throw by RF
|
Batting: RHB Shou-xin Quian
|
0-0: Ball 1-0: Ball 2-0: Ball 3-0: Called Strike 3-1: Base on Balls
|
Batting: RHB Guillermo Alessandrini
|
0-0: Called Strike 0-1: Ball 1-1: Grounds into double play, 4-6-3 (Groundball, 4, EV 80.0 MPH)
|
Top of the 4th over - 1 run, 1 hit, 0 errors, 1 left on base; Athletic Club KC 2 - Idaho Falls 1 |
BOTTOM OF THE 4TH |
Idaho Falls Chukars batting - Pitching for Athletic Club KC U-24 : LHP Ian Airy
|
Batting: RHB Jon Walker
|
0-0: Called Strike 0-1: Fly out, F9 (Flyball, 9LD, EV 96.2 MPH)
|
Batting: LHB Doyle Berkey
|
0-0: Called Strike 0-1: Ball 1-1: Called Strike 1-2: Ball 2-2: Ball 3-2: Ground out 6-3 (Groundball, 6MS, EV 83.8 MPH)
|
Batting: RHB Javier Botín
|
0-0: Ball 1-0: Ball 2-0: Ground out 1-3 (Groundball, 34S, EV 86.2 MPH)
|
Bottom of the 4th over - 0 runs, 0 hits, 0 errors, 0 left on base; Athletic Club KC 2 - Idaho Falls 1 |
TOP OF THE 5TH |
Athletic Club KC U-24 batting - Pitching for Idaho Falls Chukars : RHP Poom Saksansin
|
Batting: RHB Makalani Kaiya
|
0-0: Called Strike 0-1: Ball 1-1: Ball 2-1: SINGLE (Groundball, 34D, EV 100.6 MPH)
|
Batting: RHB Kane Calvert
|
0-0: Ball 1-0: Bunted foul 1-1: Sac Bunt to 23 - play at second, runner OUT! 3-6
|
Batting: LHB César Valtez
|
0-0: Called Strike 0-1: Ball 1-1: Foul Ball, location: 2F 1-2: Foul Ball, location: 2F 1-2: Foul Ball, location: 2F 1-2: SINGLE (Groundball, 56, EV 81.2 MPH) (infield hit) Kane Calvert to second
|
Batting: RHB Luis Santana
|
0-0: Foul Ball, location: 2F 0-1: Foul Ball, location: 2F 0-2: Ball 1-2: SINGLE (Groundball, 56, EV 105.0 MPH) Kane Calvert to third César Valtez to second Runner from 3rd tries for Home, SAFE, no throw by LF
|
Batting: RHB Marcos Quintana
|
0-0: Swinging Strike 0-1: Ball 1-1: Called Strike 1-2: Ball 2-2: SINGLE (Groundball, 5L, EV 95.0 MPH) César Valtez to third Luis Santana to second Runner from 3rd tries for Home, SAFE, no throw by LF
|
Batting: LHB Claudio Ramírez
|
0-0: Ball 1-0: Ball 2-0: Called Strike 2-1: Foul Ball, location: 2F 2-2: Ball 3-2: Foul Ball, location: 2F 3-2: Strikes out swinging
|
Batting: RHB Jorgen Jorgenson
|
0-0: Called Strike Marcos Quintana steals 2nd base Luis Santana steals 3rd base 0-1: Ball 1-1: Ball 2-1: Fly out, F9 (Flyball, 89D, EV 85.0 MPH)
|
Top of the 5th over - 2 runs, 4 hits, 0 errors, 2 left on base; Athletic Club KC 4 - Idaho Falls 1 |
BOTTOM OF THE 5TH |
Idaho Falls Chukars batting - Pitching for Athletic Club KC U-24 : LHP Ian Airy
|
Batting: RHB Emerson Horton
|
0-0: Foul Ball, location: 2F 0-1: Ball 1-1: Ball 2-1: Fly out, F9 (Flyball, 89S, EV 80.0 MPH)
|
Batting: LHB Josh Wiggins
|
0-0: Ball 1-0: Fly out, F7 (Line Drive, 7, EV 88.8 MPH)
|
Batting: SHB Koryusai Ohayashi
|
0-0: Ball 1-0: Called Strike 1-1: Foul Ball, location: 2F 1-2: Foul Ball, location: 2F 1-2: Foul Ball, location: 2F 1-2: Ball 2-2: Foul Ball, location: 2F 2-2: Strikes out looking
|
Bottom of the 5th over - 0 runs, 0 hits, 0 errors, 0 left on base; Athletic Club KC 4 - Idaho Falls 1 |
TOP OF THE 6TH |
Athletic Club KC U-24 batting - Pitching for Idaho Falls Chukars : RHP Poom Saksansin
|
Batting: RHB Shou-xin Quian
|
0-0: Foul Ball, location: 2F 0-1: Foul Ball, location: 2F 0-2: Foul Ball, location: 2F 0-2: Ball 1-2: Fly out, F8 (Flyball, 8LXD, EV 101.2 MPH)
|
Batting: RHB Guillermo Alessandrini
|
0-0: Called Strike 0-1: Swinging Strike 0-2: Ball 1-2: Ball 2-2: Ball 3-2: Foul Ball, location: 2F 3-2: Foul Ball, location: 2F 3-2: Strikes out swinging
|
Batting: RHB Makalani Kaiya
|
0-0: Swinging Strike 0-1: Foul Ball, location: 2F 0-2: Strikes out looking
|
Top of the 6th over - 0 runs, 0 hits, 0 errors, 0 left on base; Athletic Club KC 4 - Idaho Falls 1 |
BOTTOM OF THE 6TH |
Idaho Falls Chukars batting - Pitching for Athletic Club KC U-24 : LHP Ian Airy
|
Batting: RHB César Vélez
|
0-0: Ball 1-0: TRIPLE (Flyball, 78XD, EV 108.1 MPH)
|
Batting: LHB Antoine Studdard
|
0-0: Ball 1-0: Foul Ball, location: 2F 1-1: Swinging Strike 1-2: Ball 2-2: Ball 3-2: Ground out 4-3 (Groundball, 4, EV 78.8 MPH) César Vélez scores
|
Batting: RHB Kel Warren
|
0-0: Ball 1-0: Foul Ball, location: 2F 1-1: Ground out 4-3 (Groundball, 4MS, EV 70.0 MPH)
|
Batting: RHB Jon Walker
|
0-0: Swinging Strike 0-1: Ball 1-1: Ball 2-1: Ball 3-1: TRIPLE (Flyball, 89XD, EV 90.6 MPH)
|
Batting: LHB Doyle Berkey
|
0-0: Ball 1-0: Ball 2-0: Called Strike 2-1: Swinging Strike 2-2: Ground out 5-3 (Groundball, 56S, EV 70.0 MPH)
|
Bottom of the 6th over - 1 run, 2 hits, 0 errors, 1 left on base; Athletic Club KC 4 - Idaho Falls 2 |
TOP OF THE 7TH |
Athletic Club KC U-24 batting - Pitching for Idaho Falls Chukars : RHP Poom Saksansin
|
Pitching: RHP Todd Hanley
|
|
Batting: RHB Kane Calvert
|
0-0: Ball 1-0: Foul Ball, location: 2F 1-1: Fly out, F7 (Flyball, 78M, EV 89.4 MPH)
|
Batting: LHB César Valtez
|
0-0: Foul Ball, location: 2F 0-1: Ball 1-1: Ball 2-1: Foul Ball, location: 2F 2-2: Ball 3-2: Ground out 1-3 (Groundball, 13, EV 86.2 MPH)
|
Batting: RHB Luis Santana
|
0-0: Called Strike 0-1: Called Strike 0-2: Ball 1-2: Foul Ball, location: 2F 1-2: Ball 2-2: Foul Ball, location: 2F 2-2: Strikes out swinging
|
Top of the 7th over - 0 runs, 0 hits, 0 errors, 0 left on base; Athletic Club KC 4 - Idaho Falls 2 |
BOTTOM OF THE 7TH |
Idaho Falls Chukars batting - Pitching for Athletic Club KC U-24 : LHP Ian Airy
|
Batting: RHB Javier Botín
|
0-0: Called Strike 0-1: Called Strike 0-2: Ball 1-2: Foul Ball, location: 2F 1-2: Ball 2-2: Strikes out swinging
|
Batting: RHB Emerson Horton
|
0-0: Called Strike 0-1: Ground out 6-3 (Groundball, 6, EV 88.1 MPH)
|
Batting: LHB Josh Wiggins
|
0-0: SINGLE (Groundball, 34D, EV 108.8 MPH)
|
Pitching: RHP José Valle
|
|
Batting: SHB Koryusai Ohayashi
|
0-0: Ball 1-0: Called Strike 1-1: Foul Ball, location: 2F 1-2: Foul Ball, location: 2F 1-2: Fly out, F8 (Flyball, 8LD, EV 91.2 MPH)
|
Bottom of the 7th over - 0 runs, 1 hit, 0 errors, 1 left on base; Athletic Club KC 4 - Idaho Falls 2 |
TOP OF THE 8TH |
Athletic Club KC U-24 batting - Pitching for Idaho Falls Chukars : RHP Todd Hanley
|
Batting: RHB Marcos Quintana
|
0-0: Ball 1-0: Called Strike 1-1: Ball 2-1: Fly out, F8 (Flyball, 8LM, EV 95.0 MPH)
|
Batting: LHB Claudio Ramírez
|
0-0: Ball 1-0: Fly out, F9 (Flyball, 9D, EV 106.9 MPH)
|
Batting: RHB Jorgen Jorgenson
|
0-0: Called Strike 0-1: Ball 1-1: Swinging Strike 1-2: Strikes out looking
|
Top of the 8th over - 0 runs, 0 hits, 0 errors, 0 left on base; Athletic Club KC 4 - Idaho Falls 2 |
BOTTOM OF THE 8TH |
Idaho Falls Chukars batting - Pitching for Athletic Club KC U-24 : RHP José Valle
|
Pitching: RHP Darko Trstenjak
|
|
Batting: RHB César Vélez
|
0-0: Ball 1-0: Called Strike 1-1: Called Strike 1-2: DOUBLE (Flyball, 8RXD, EV 91.2 MPH)
|
Batting: LHB Antoine Studdard
|
0-0: Ball 1-0: Ball 2-0: Called Strike 2-1: Ball 3-1: Base on Balls
|
Pinch Hitting: LHB Emosi Whiu
|
0-0: Called Strike 0-1: Ball 1-1: Called Strike 1-2: Foul Ball, location: 2F 1-2: Foul Ball, location: 2F 1-2: Ball 2-2: Ball 3-2: Grounds into double play, 6-4-3 (Groundball, 6M, EV 98.8 MPH) César Vélez to third
|
Batting: RHB Jon Walker
|
0-0: Called Strike 0-1: Swinging Strike 0-2: Foul Ball, location: 2F 0-2: Ball 1-2: Strikes out swinging
|
Bottom of the 8th over - 0 runs, 1 hit, 0 errors, 1 left on base; Athletic Club KC 4 - Idaho Falls 2 |
TOP OF THE 9TH |
Athletic Club KC U-24 batting - Pitching for Idaho Falls Chukars : RHP Todd Hanley
|
Now at C: Jesús Sánchez
|
|
Batting: RHB Shou-xin Quian
|
0-0: Foul Ball, location: 2F 0-1: Swinging Strike 0-2: Fly out, F8 (Flyball, 8LM, EV 87.5 MPH)
|
Batting: RHB Guillermo Alessandrini
|
0-0: Swinging Strike 0-1: Swinging Strike 0-2: Strikes out looking
|
Batting: RHB Makalani Kaiya
|
0-0: Ball 1-0: Foul Ball, location: 2F 1-1: Foul Ball, location: 2F 1-2: Foul Ball, location: 2F 1-2: Ball 2-2: Strikes out swinging
|
Top of the 9th over - 0 runs, 0 hits, 0 errors, 0 left on base; Athletic Club KC 4 - Idaho Falls 2 |
BOTTOM OF THE 9TH |
Idaho Falls Chukars batting - Pitching for Athletic Club KC U-24 : RHP Darko Trstenjak
|
Pitching: RHP Ray McKendrick
|
|
Batting: LHB Doyle Berkey
|
0-0: SINGLE (Groundball, 6MD, EV 98.8 MPH)
|
Pinch Hitting: SHB Joe Middleton
|
0-0: Called Strike 0-1: Called Strike 0-2: Ball 1-2: Ball 2-2: Ball 3-2: Reached on error, E5 (Groundball, 56S, EV 82.5 MPH) Doyle Berkey to second
|
Batting: RHB Emerson Horton
|
0-0: Sac Bunt to P - play at first, batter OUT! 1-3 Doyle Berkey to third Joe Middleton to second
|
Batting: LHB Josh Wiggins
|
0-0: Swinging Strike 0-1: Foul Ball, location: 2F 0-2: Ball 1-2: Ball 2-2: Ground out 4-3 (Groundball, 4, EV 85.0 MPH) Doyle Berkey scores Joe Middleton to third
|
Batting: SHB Koryusai Ohayashi
|
0-0: Swinging Strike 0-1: Ball 1-1: Foul Ball, location: 2F 1-2: Ball 2-2: Foul Ball, location: 2F 2-2: SINGLE (Groundball, 34D, EV 101.9 MPH) Joe Middleton scores
|
Batting: RHB César Vélez
|
0-0: Ball Koryusai Ohayashi steals 2nd base 1-0: Fly out, F9 (Flyball, 89M, EV 90.6 MPH)
|
Bottom of the 9th over - 2 runs, 2 hits, 1 error, 1 left on base; Athletic Club KC 4 - Idaho Falls 4 |
TOP OF THE 10TH |
Athletic Club KC U-24 batting - Pitching for Idaho Falls Chukars : RHP Todd Hanley
|
Pitching: RHP Masao Myoga
|
|
Now at SS: Jon Hill
|
|
Pinch Hitting: RHB Kokaji Mugo
|
0-0: Called Strike 0-1: Ball 1-1: Ball 2-1: Ball 3-1: Base on Balls
|
Batting: LHB César Valtez
|
0-0: Bunt - Flyout to 5S! F5
|
Batting: RHB Luis Santana
|
0-0: Ball 1-0: Called Strike 1-1: Foul Ball, location: 2F 1-2: Strikes out looking
|
Batting: RHB Marcos Quintana
|
0-0: Called Strike 0-1: Ball 1-1: Called Strike 1-2: Strikes out looking
|
Top of the 10th over - 0 runs, 0 hits, 0 errors, 1 left on base; Athletic Club KC 4 - Idaho Falls 4 |
BOTTOM OF THE 10TH |
Idaho Falls Chukars batting - Pitching for Athletic Club KC U-24 : RHP Ray McKendrick
|
Pitching: LHP Les Hannaford
|
|
Now at SS: Kokaji Mugo
|
|
Batting: LHB Antoine Studdard
|
0-0: Called Strike 0-1: Ball 1-1: Foul Ball, location: 2F 1-2: Foul Ball, location: 2F 1-2: Ball 2-2: Ball 3-2: Foul Ball, location: 2F 3-2: Foul Ball, location: 2F 3-2: Foul Ball, location: 2F 3-2: DOUBLE (Line Drive, 7LS, EV 91.2 MPH)
|
Pinch Hitting: RHB Wei-hong Won
|
0-0: Called Strike 0-1: Ball 1-1: Swinging Strike 1-2: SINGLE (Groundball, 6MD, EV 98.8 MPH) Antoine Studdard to third
|
Batting: RHB Jon Walker
|
0-0: Foul Ball, location: 2F 0-1: Called Strike Wei-hong Won steals 2nd base (no throw) 0-2: Ball 1-2: Strikes out swinging
|
Batting: LHB Doyle Berkey
|
0-0: Ball 1-0: 3-RUN HOME RUN (Flyball, 89XD, EV 86.9 MPH), Distance : 407 ft
|
|
Friday, April 17th, 2020 - OOTP Baseball 20.8 Build 74
|
|